[Event "ICC tourney 3209 (40 10)"]
[Site "Internet Chess Club"]
[Date "2023.06.03"]
[Round "1"]
[White "YU, AVERY:Averyyu321"]
[Black "QIAO, RICHARDSON JINGSI:Richardsonqiao"]
[Result "1-0"]
[ICCResult "Black resigns"]
[WhiteElo "1966"]
[BlackElo "1573"]
[Opening "Giuoco Piano"]
[ECO "C50"]
[NIC "IG.02"]
[Time "11:00:51"]
[PlyCount "71"]
[TimeControl "2400+10"]

1. e4 e5 2. Nf3 Nc6 3. Bc4 Bc5 4. O-O Nf6 5. d3 h6 6. Re1 O-O 7. Nbd2 d6 8.
c3 a6 9. Bb3 Be6 10. Bc2 Bg4 11. h3 Be6 12. Nf1 Qd7 13. d4 exd4 14. cxd4 Bb4
15. Re3 d5 16. e5 Ne4 17. Ng3 Nxg3 18. fxg3 Ne7 19. Nh4 Nf5 20. Qd3 g6 21.
Rf3 c5 22. Nxf5 Bxf5 23. Qd1 Bxc2 24. Qxc2 Kg7 25. a3 Ba5 26. Qxc5 Bc7 27.
Qc2 Rac8 28. Qd2 Rh8 29. Qf4 Bd8 30. h4 Qe6 31. Bd2 Bb6 32. Raf1 Rc7 33. Qe3
Qg4 34. Rf4 Qe6 35. Rf6 Qg4 36. Rxb6 {Black resigns} 1-0

[Event "ICC tourney 3209 (40 10)"]
[Site "Internet Chess Club"]
[Date "2023.06.03"]
[Round "1"]
[White "HE, DANIEL:danh07"]
[Black "HEBDEN, MARK L:mhebden"]
[Result "0-1"]
[ICCResult "White resigns"]
[WhiteElo "1942"]
[BlackElo "2566"]
[Opening "Scotch: Schmidt variation"]
[ECO "C45"]
[NIC "SO.03"]
[Time "11:00:20"]
[PlyCount "52"]
[TimeControl "2400+10"]

1. e4 e5 2. Nf3 Nc6 3. d4 exd4 4. Nxd4 Nf6 5. Nc3 Bb4 6. Nxc6 bxc6 7. Bd3
O-O 8. O-O d5 9. exd5 cxd5 10. Bg5 c6 11. Na4 h6 12. Bh4 Re8 13. Qf3 g5 14.
Bxg5 hxg5 15. Qg3 Ne4 16. Bxe4 Rxe4 17. f3 Bd6 18. fxe4 Bxg3 19. hxg3 dxe4
20. Rad1 Qe7 21. Nc3 Bg4 22. Rde1 f5 23. Nd1 Bxd1 24. Rxd1 Qc5+ 25. Rf2 Rf8
26. c3 Qe3 {White resigns} 0-1

[Event "ICC tourney 3209 (40 10)"]
[Site "Internet Chess Club"]
[Date "2023.06.03"]
[Round "1"]
[White "MARKOVIC, GORAN:Goran21"]
[Black "Stevens, Adam Benjamin:adambenstevens"]
[Result "1-0"]
[ICCResult "Black resigns"]
[WhiteElo "2049"]
[BlackElo "1869"]
[Opening "Caro-Kann defense"]
[ECO "B15"]
[NIC "CK.05"]
[Time "11:00:13"]
[PlyCount "73"]
[TimeControl "2400+10"]

1. e4 c6 2. d4 d5 3. Nc3 dxe4 4. Nxe4 Nf6 5. Nc3 Bf5 6. Nf3 e6 7. Bd3 Bxd3
8. Qxd3 Be7 9. Bg5 Nbd7 10. O-O O-O 11. Rfe1 Nd5 12. Bxe7 Qxe7 13. Nxd5 cxd5
14. c3 Rfe8 15. Re2 a6 16. Rae1 b5 17. Ne5 Nxe5 18. Rxe5 Qd6 19. g3 b4 20.
c4 dxc4 21. Qxc4 Rac8 22. Qd3 Red8 23. R5e4 g6 24. h4 h5 25. Qd2 a5 26. Qg5
Qd5 27. Qf6 Qxa2 28. g4 Qd5 29. Rf4 Rd7 30. Kh2 hxg4 31. Re5 Qb7 32. h5 Rc1
33. d5 Rxd5 34. Rxd5 exd5 35. h6 g3+ 36. Kxg3 Rg1+ 37. Kh2 {Black resigns}
1-0

[Event "ICC tourney 3209 (40 10)"]
[Site "Internet Chess Club"]
[Date "2023.06.03"]
[Round "1"]
[White "SHERNOFF, LEON:LeonShernoff"]
[Black "KONA, VIDIP KUMAR:Vidipkona"]
[Result "0-1"]
[ICCResult "White resigns"]
[WhiteElo "1800"]
[BlackElo "2011"]
[Opening "English: symmetrical variation"]
[ECO "A38"]
[NIC "EO.26"]
[Time "11:00:12"]
[PlyCount "88"]
[TimeControl "2400+10"]

1. c4 Nf6 2. g3 c5 3. Bg2 Nc6 4. Nc3 g6 5. Nf3 Bg7 6. d4 cxd4 7. Nxd4 O-O 8.
O-O d6 9. Nxc6 bxc6 10. Bxc6 Bh3 11. Bg2 Bxg2 12. Kxg2 Rc8 13. Qd3 Qc7 14.
b3 d5 15. Bf4 dxc4 16. bxc4 Qxc4 17. Qxc4 Rxc4 18. Rac1 Rfc8 19. Nb5 Nd5 20.
Bd2 a6 21. Na3 Rxc1 22. Rxc1 Rxc1 23. Bxc1 Nc3 24. Bd2 Nxa2 25. Nb1 Bb2 26.
Kf3 Nc1 27. Ke3 Nb3 28. Bb4 Nd4 29. Kd3 Nc6 30. Bc5 Be5 31. Kc4 e6 32. Bb6
Bd6 33. f4 f5 34. Nd2 Kf7 35. Nb3 Ke7 36. Nc5 Bxc5 37. Bxc5+ Kd7 38. Bf8 Ne7
39. Kb4 Nd5+ 40. Ka5 Kc6 41. Kxa6 Nc3 42. e3 Nd1 43. Bg7 Nxe3 44. Ka7 Nf1
{White resigns}
0-1

[Event "ICC tourney 3209 (40 10)"]
[Site "Internet Chess Club"]
[Date "2023.06.03"]
[Round "1"]
[White "Belous, Vladimir:Openyagami"]
[Black "HUANG, AYDEN:dabishi"]
[Result "1-0"]
[ICCResult "Black resigns"]
[WhiteElo "2594"]
[BlackElo "1942"]
[Opening "King's Indian: 5.Nf3"]
[ECO "E90"]
[NIC "KI.20"]
[Time "11:29:46"]
[PlyCount "91"]
[TimeControl "2400+10"]

1. c4 Nf6 2. Nc3 g6 3. e4 d6 4. d4 Bg7 5. Nf3 O-O 6. h3 e5 7. d5 Na6 8. Bg5
h6 9. Be3 Nc5 10. Nd2 a5 11. Be2 Nh7 12. g4 f5 13. gxf5 gxf5 14. Rg1 Kh8 15.
exf5 Bxf5 16. Bxc5 dxc5 17. Bg4 Bd3 18. Rg3 e4 19. Ncxe4 Bxe4 20. Nxe4 Nf6
21. Nxc5 Nxg4 22. Qxg4 Qf6 23. Qxg7+ Qxg7 24. Rxg7 Kxg7 25. Ne6+ Kf6 26.
Nxf8 Rxf8 27. Ke2 Ke5 28. Rg1 Kd4 29. Rg4+ Kc5 30. b3 Rf7 31. f4 Kb4 32. Kf3
a4 33. Ke4 axb3 34. axb3 Kxb3 35. f5 Kxc4 36. Ke5+ Kc5 37. f6 b5 38. Rg7 Rf8
39. Rxc7+ Kb6 40. d6 b4 41. Rc1 b3 42. d7 b2 43. Rb1 Kc7 44. Ke6 Rd8 45.
Rxb2 Rxd7 46. Rb7+ {Black resigns} 1-0

[Event "ICC tourney 3209 (40 10)"]
[Site "Internet Chess Club"]
[Date "2023.06.03"]
[Round "1"]
[White "Aimdilokwong, Alec Daniel:Alec-hine"]
[Black "JIANG, BRANDON:BranKing"]
[Result "1-0"]
[ICCResult "Black resigns"]
[WhiteElo "1910"]
[BlackElo "2146"]
[Opening "Dutch defense, Alekhine variation"]
[ECO "A92"]
[NIC "HD.02"]
[Time "11:00:14"]
[PlyCount "63"]
[TimeControl "2400+10"]

1. d4 e6 2. c4 f5 3. Nf3 Nf6 4. g3 Be7 5. Bg2 O-O 6. O-O Ne4 7. Nbd2 d5 8.
Ne5 Nc6 9. Nxc6 bxc6 10. Nf3 Bf6 11. Bf4 g5 12. Be5 g4 13. Bxf6 Qxf6 14. Ne5
c5 15. f3 cxd4 16. Nxg4 fxg4 17. fxe4 Qe5 18. Rxf8+ Kxf8 19. exd5 Rb8 20.
Qd2 d3 21. Rf1+ Kg7 22. b3 dxe2 23. Re1 exd5 24. Rxe2 Qf6 25. Bxd5 Bf5 26.
Qe3 c6 27. Qxa7+ Kh6 28. Qxb8 Qa1+ 29. Kg2 cxd5 30. Qd6+ Kg5 31. Qxd5 Qf6
32. Rf2 {Black resigns} 1-0

[Event "ICC tourney 3209 (40 10)"]
[Site "Internet Chess Club"]
[Date "2023.06.03"]
[Round "1"]
[White "GHOSH, YOHAN:luckylion"]
[Black "KOEHL, EVAN:MacAndSneeze"]
[Result "0-1"]
[ICCResult "White checkmated"]
[WhiteElo "1848"]
[BlackElo "2037"]
[Opening "Caro-Kann: exchange variation"]
[ECO "B13"]
[NIC "CK.02"]
[Time "11:00:51"]
[PlyCount "118"]
[TimeControl "2400+10"]

1. e4 c6 2. d4 d5 3. exd5 cxd5 4. Bd3 Nf6 5. c3 e6 6. Bf4 Bd6 7. Bxd6 Qxd6
8. Nf3 O-O 9. O-O Nc6 10. Qe2 a6 11. Ne5 b5 12. a3 Bd7 13. Nd2 Na5 14. f4
Nc4 15. Nb3 Ne4 16. Bxe4 dxe4 17. Qxe4 Rac8 18. Nxc4 bxc4 19. Nc5 Bc6 20.
Qe5 Qxe5 21. fxe5 a5 22. Rf2 Rb8 23. Raf1 a4 24. g4 g5 25. h3 Kg7 26. Rf6
Rxb2 27. Nxe6+ fxe6 28. Rxf8 Rg2+ 29. Kh1 Rf2+ 30. Kg1 Rxf8 31. Rxf8 Kxf8
32. Kf2 Ke7 33. Kg3 Kd7 34. Kf2 Be4 35. Kg3 Kc6 36. Kf2 Kd5 37. Kg3 Bc2 38.
Kf3 Bd3 39. Ke3 Bf1 40. h4 gxh4 41. Kf4 h3 42. Kg3 Ke4 43. Kh2 Bg2 44. Kg3
Kd3 45. d5 Bxd5 46. Kxh3 Kxc3 47. g5 Kd4 48. Kh4 c3 49. Kh5 c2 50. g6 hxg6+
51. Kh6 c1=Q+ 52. Kg7 Kxe5 53. Kh7 Qh1+ 54. Kg7 Qh5 55. Kf8 Kf6 56. Ke8 Qh7
57. Kd8 Bc6 58. Kc8 Qd7+ 59. Kb8 Qb7# {White checkmated} 0-1

[Event "ICC tourney 3209 (40 10)"]
[Site "Internet Chess Club"]
[Date "2023.06.03"]
[Round "1"]
[White "SKARIAH, ANUSHKA ELIZABETH:kskariah"]
[Black "DINESH, ABINAV:abi2009"]
[Result "0-1"]
[ICCResult "White checkmated"]
[WhiteElo "1596"]
[BlackElo "1981"]
[Opening "Vienna gambit"]
[ECO "C25"]
[NIC "VG.04"]
[Time "11:00:13"]
[PlyCount "136"]
[TimeControl "2400+10"]

1. e4 e5 2. Nc3 Nc6 3. f4 d6 4. Bc4 Nf6 5. Nf3 Be6 6. Bb5 Bg4 7. O-O Be7 8.
d4 exd4 9. Qxd4 O-O 10. Qf2 Bxf3 11. Bxc6 Bxg2 12. Qxg2 bxc6 13. f5 Nd7 14.
Bh6 Bf6 15. Rf3 Kh8 16. Bd2 Rb8 17. b3 d5 18. Rh3 d4 19. Ne2 d3 20. Nc3 Ne5
21. Be3 dxc2 22. Qxc2 Qd3 23. Qxd3 Nxd3 24. Rd1 Nb2 25. Rd7 Bxc3 26. Bxa7
Ra8 27. Rxc3 Rxa7 28. a4 Rb7 29. Rd2 Nxa4 30. bxa4 Rb4 31. a5 Rxe4 32. Rxc6
Re5 33. a6 Rxf5 34. Rxc7 Ra5 35. a7 Kg8 36. Rb7 g6 37. Rdd7 Kg7 38. Rb8 Rxa7
39. Rxa7 Rxb8 40. Kg2 Rb3 41. Rc7 Kf6 42. Rc6+ Kf5 43. Rc7 Ke6 44. Ra7 Rd3
45. Ra6+ Rd6 46. Rxd6+ Kxd6 47. Kf3 Ke5 48. h4 f5 49. Ke3 f4+ 50. Kf3 Kf5
51. Kf2 Kg4 52. Kg2 f3+ 53. Kf2 Kf4 54. Kf1 Kg3 55. h5 gxh5 56. Kg1 f2+ 57.
Kf1 h4 58. Ke2 Kg2 59. Ke3 f1=Q 60. Ke4 Qd1 61. Ke5 Qd3 62. Kf6 Qe4 63. Kg7
Qe5+ 64. Kh6 h3 65. Kxh7 h2 66. Kg6 h1=Q 67. Kf7 Qh7+ 68. Kf8 Qee7#
{White checkmated}
0-1

[Event "ICC tourney 3209 (40 10)"]
[Site "Internet Chess Club"]
[Date "2023.06.03"]
[Round "1"]
[White "PANG, ASHLEY:redhawk2020"]
[Black "CHEN, ALAN ZISHUN:zishun"]
[Result "0-1"]
[ICCResult "White forfeits on time"]
[WhiteElo "2028"]
[BlackElo "1815"]
[Opening "Giuoco Piano"]
[ECO "C54"]
[NIC "IG.02"]
[Time "11:13:53"]
[PlyCount "70"]
[TimeControl "2400+10"]

1. e4 e5 2. Nf3 Nc6 3. Bc4 Bc5 4. c3 Nf6 5. d3 d6 6. Nbd2 O-O 7. a4 a6 8.
O-O Be6 9. b4 Bb6 10. Bxe6 fxe6 11. Nc4 Ba7 12. Bg5 Qe8 13. Qe2 Qh5 14. h3
Rae8 15. b5 Ne7 16. Rfb1 Bc5 17. d4 exd4 18. cxd4 Ba7 19. b6 Bxb6 20. Nxb6
cxb6 21. Rxb6 Nc6 22. Bxf6 Rxf6 23. Rxb7 Ref8 24. Ra3 Nd8 25. Rb6 Nf7 26.
Qxa6 Ng5 27. Qb5 Rxf3 28. gxf3 Nxf3+ 29. Rxf3 Qxf3 30. Qf1 Qxe4 31. Rxd6 Rf6
32. Rd8+ Kf7 33. Rd7+ Kf8 34. a5 Rg6+ 35. Kh2 Ke8 {White forfeits on time}
0-1

[Event "ICC tourney 3209 (40 10)"]
[Site "Internet Chess Club"]
[Date "2023.06.03"]
[Round "1"]
[White "LIN, LEO FANYUE:Leolix"]
[Black "HANKE, HARVEY:ThinkingPanda"]
[Result "1-0"]
[ICCResult "Black resigns"]
[WhiteElo "2230"]
[BlackElo "1934"]
[Opening "Scotch game"]
[ECO "C45"]
[NIC "SO.05"]
[Time "11:00:10"]
[PlyCount "127"]
[TimeControl "2400+10"]

1. e4 e5 2. Nf3 Nc6 3. d4 exd4 4. Nxd4 Bc5 5. Nxc6 Qf6 6. Qf3 dxc6 7. Bc4
Qg6 8. O-O Ne7 9. Bf4 Bb6 10. Nc3 Bg4 11. Qg3 h5 12. h3 Be6 13. Bxe6 Qxg3
14. Bxf7+ Kxf7 15. Bxg3 h4 16. Bh2 g5 17. Na4 Rag8 18. Nxb6 cxb6 19. f3 Ng6
20. Rad1 Ke7 21. Rd4 Rd8 22. Rfd1 Rxd4 23. Rxd4 Nf4 24. Kf2 Ke6 25. Rd2 Rg8
26. Ke3 Rf8 27. c4 Rf7 28. b4 c5 29. b5 Rf8 30. Kf2 Rf7 31. a4 Rd7 32. Bxf4
gxf4 33. Rd5 Rd6 34. Ke2 Rd7 35. Kf1 Rd6 36. Ke1 Rd7 37. Ke2 Rg7 38. Kf2 Rd7
39. Kf1 Rd6 40. Ke2 Rd7 41. Kd3 Rg7 42. Rh5 Rxg2 43. Rxh4 Ra2 44. Rxf4 Rxa4
45. h4 Ra3+ 46. Kc2 Ra2+ 47. Kc3 Rh2 48. Kd3 Rh3 49. Ke3 Rh2 50. Rg4 Rc2 51.
Kd3 Rh2 52. Rg6+ Kf7 53. Rh6 Kg7 54. Rh5 Kg6 55. Rg5+ Kf6 56. Rf5+ Ke6 57.
h5 a5 58. bxa6 bxa6 59. Rg5 Kf6 60. Rg6+ Ke5 61. Ke3 Rh3 62. h6 b5 63. h7
bxc4 64. h8=Q+ {Black resigns} 1-0

[Event "ICC tourney 3209 (40 10)"]
[Site "Internet Chess Club"]
[Date "2023.06.03"]
[Round "1"]
[White "XIA, JOSHUA:MathMonkey"]
[Black "Cao, Frank Zhongtian:FrankCao"]
[Result "0-1"]
[ICCResult "White checkmated"]
[WhiteElo "2000"]
[BlackElo "1694"]
[Opening "Caro-Kann: advance variation"]
[ECO "B12"]
[NIC "CK.04"]
[Time "11:01:26"]
[PlyCount "108"]
[TimeControl "2400+10"]

1. e4 c6 2. d4 d5 3. e5 Bf5 4. h4 h6 5. g4 Be4 6. f3 Bh7 7. e6 Qd6 8. Qe2
Qxe6 9. Qxe6 fxe6 10. c3 Nd7 11. Bf4 e5 12. dxe5 e6 13. Nd2 Bc5 14. Ne2 Ne7
15. Bg3 Rf8 16. f4 h5 17. gxh5 Nf5 18. Bh3 Nxg3 19. Nxg3 Rxf4 20. Rf1 Rxf1+
21. Kxf1 Nxe5 22. Re1 Nd3 23. Rxe6+ Kf7 24. Nf3 Nf4 25. Ng5+ Kg8 26. Bg4
Bd3+ 27. Ke1 Nxe6 28. Bxe6+ Kf8 29. Kd2 Bb1 30. Kc1 Bd3 31. Kd2 Bb1 32. Ne2
Bd6 33. Nd4 Bf4+ 34. Ke2 Bxg5 35. hxg5 Re8 36. Kf3 Be4+ 37. Kf4 c5 38. Bd7
cxd4 39. Bxe8 dxc3 40. bxc3 Kxe8 41. Ke5 Kd7 42. g6 Bb1 43. a4 Ke7 44. Kxd5
Bf5 45. a5 Bg4 46. h6 gxh6 47. c4 Be6+ 48. Kc5 h5 49. Kb5 h4 50. c5 h3 51.
a6 h2 52. axb7 h1=Q 53. c6 Qb1+ 54. Kc5 Qb6# {White checkmated} 0-1

[Event "ICC tourney 3209 (40 10)"]
[Site "Internet Chess Club"]
[Date "2023.06.03"]
[Round "2"]
[White "Mamillapalli, Anshith:anshith"]
[Black "Wan, Joseph Cheng-Yue:cyborg86"]
[Result "0-1"]
[ICCResult "White checkmated"]
[WhiteElo "704"]
[BlackElo "2313"]
[Opening "Sicilian: Alapin's variation (2.c3)"]
[ECO "B22"]
[NIC "SI.46"]
[Time "13:15:58"]
[PlyCount "82"]
[TimeControl "2400+10"]

1. e4 c5 2. c3 Nf6 3. d4 cxd4 4. Qxd4 Nc6 5. Qd3 d6 6. Nf3 g6 7. Be3 Bg7 8.
Nbd2 O-O 9. Qc2 a6 10. Bd3 Bd7 11. Kf1 Rc8 12. Ke2 d5 13. e5 Ng4 14. h3
Ngxe5 15. Rhe1 Nb4 16. Qb3 Nbxd3 17. Bb6 Qe8 18. Red1 Bb5 19. c4 dxc4 20.
Qa3 Nxb2 21. Nd4 c3+ 22. Nxb5 Qxb5+ 23. Ke3 Nbc4+ 24. Nxc4 Nxc4+ 25. Kf3
Nxa3 26. Be3 c2 27. Rdc1 Bxa1 28. Bh6 Qf5+ 29. Bf4 Be5 30. g3 Bxf4 31. gxf4
Qd3+ 32. Kg4 Qd1+ 33. Rxd1 cxd1=Q+ 34. f3 Qd7+ 35. Kg3 Qe6 36. h4 Rc1 37. f5
Qe5+ 38. f4 Qe3+ 39. Kg4 h5+ 40. Kg5 Rg1+ 41. Kh6 Qxf4# {White checkmated}
0-1

[Event "ICC tourney 3209 (40 10)"]
[Site "Internet Chess Club"]
[Date "2023.06.03"]
[Round "2"]
[White "Cao, Frank Zhongtian:FrankCao"]
[Black "MARKOVIC, GORAN:Goran21"]
[Result "1-0"]
[ICCResult "Black checkmated"]
[WhiteElo "1694"]
[BlackElo "2049"]
[Opening "Sicilian: Najdorf, 7...Be7 main line"]
[ECO "B99"]
[NIC "SI.09"]
[Time "13:15:05"]
[PlyCount "85"]
[TimeControl "2400+10"]

1. e4 c5 2. Nf3 d6 3. d4 cxd4 4. Nxd4 Nf6 5. Nc3 a6 6. Bg5 e6 7. f4 Be7 8.
Qf3 Qc7 9. O-O-O Nbd7 10. g4 b5 11. Bxf6 Nxf6 12. g5 Nd7 13. f5 Nc5 14. fxe6
fxe6 15. h4 b4 16. Nce2 Bb7 17. Ng3 g6 18. Qg4 Bc8 19. Qf3 Rf8 20. Qe3 e5
21. Nb3 Bg4 22. Be2 Be6 23. Nxc5 dxc5 24. Kb1 c4 25. h5 Bc5 26. Qd2 Rb8 27.
hxg6 c3 28. Qd3 Qa5 29. Qxa6 Qxa6 30. Bxa6 hxg6 31. Rdf1 Rxf1+ 32. Bxf1 cxb2
33. Kxb2 Bd4+ 34. Kb1 Ke7 35. Rh7+ Kd6 36. Rh6 Kc5 37. Rxg6 Bf7 38. Rf6 Bg8
39. Nf5 Bc3 40. Bd3 Rd8 41. Ne7 Ra8 42. Rc6+ Kd4 43. Nf5# {Black checkmated}
1-0

[Event "ICC tourney 3209 (40 10)"]
[Site "Internet Chess Club"]
[Date "2023.06.03"]
[Round "2"]
[White "KONA, VIDIP KUMAR:Vidipkona"]
[Black "ZHOU, JIANCHAO:TomCruise999"]
[Result "0-1"]
[ICCResult "White checkmated"]
[WhiteElo "2011"]
[BlackElo "2640"]
[Opening "English: Neo-Catalan"]
[ECO "A13"]
[NIC "QP.11"]
[Time "13:15:21"]
[PlyCount "118"]
[TimeControl "2400+10"]

1. Nf3 Nf6 2. c4 e6 3. g3 d5 4. b3 d4 5. Bg2 c5 6. e3 Nc6 7. exd4 cxd4 8.
O-O Be7 9. d3 O-O 10. Na3 e5 11. Re1 Nd7 12. Nc2 f6 13. Ba3 Bxa3 14. Nxa3
Nc5 15. Qd2 Bf5 16. Nh4 Be6 17. f4 a5 18. Nc2 Qd6 19. f5 Bf7 20. Be4 Nxe4
21. Rxe4 Nb4 22. Ne1 a4 23. Rb1 axb3 24. Rxb3 Nxa2 25. Rg4 Bh5 26. Re4 Nc3
27. Rxc3 dxc3 28. Qxc3 Qc5+ 29. Kg2 Ra2+ 30. Kh3 Qf2 31. Nhg2 Qxf5+ 32. g4
Bxg4+ 33. Kg3 h5 34. h4 Qf2+ 35. Kh2 Qxh4+ 36. Kg1 Qf2+ 37. Kh2 Bf3 38. Qb3
Bxg2 39. c5+ Kh7 40. Qxa2 Qxa2 41. Nxg2 Rd8 42. Re3 Rd4 43. Rh3 Rg4 44. Rg3
Rxg3 45. Kxg3 Qd5 46. Ne1 Qxc5 47. Kf3 Qg1 48. Ke2 h4 49. Nf3 Qg2+ 50. Ke3
h3 51. d4 exd4+ 52. Kf4 g5+ 53. Ke4 h2 54. Kf5 Qxf3+ 55. Ke6 h1=Q 56. Kf7
Qd5+ 57. Kf8 Kg6 58. Ke7 Qhe4+ 59. Kf8 Qd8# {White checkmated} 0-1

[Event "ICC tourney 3209 (40 10)"]
[Site "Internet Chess Club"]
[Date "2023.06.03"]
[Round "2"]
[White "HEBDEN, MARK L:mhebden"]
[Black "YU, AVERY:Averyyu321"]
[Result "1-0"]
[ICCResult "Black resigns"]
[WhiteElo "2566"]
[BlackElo "1966"]
[Opening "QGD: exchange, positional line, 6.Qc2"]
[ECO "D36"]
[NIC "QO.16"]
[Time "13:15:02"]
[PlyCount "49"]
[TimeControl "2400+10"]

1. d4 d5 2. c4 e6 3. Nc3 Nf6 4. cxd5 exd5 5. Bg5 c6 6. Qc2 Be7 7. e3 h6 8.
Bh4 O-O 9. Bd3 Nbd7 10. Nf3 Nh5 11. Bxe7 Qxe7 12. O-O g6 13. e4 dxe4 14.
Nxe4 Nf4 15. Rfe1 Nxd3 16. Qxd3 Nf6 17. Nc5 Qc7 18. Ne5 Bf5 19. Qf3 Rad8 20.
g4 Rxd4 21. gxf5 g5 22. Rac1 Rf4 23. Qb3 b6 24. Ncd3 Rxf5 25. Nxc6
{Black resigns}
1-0

[Event "ICC tourney 3209 (40 10)"]
[Site "Internet Chess Club"]
[Date "2023.06.03"]
[Round "2"]
[White "OPASKA, MICHAEL:mopaska1106"]
[Black "GHOSH, YOHAN:luckylion"]
[Result "1-0"]
[ICCResult "Black checkmated"]
[WhiteElo "1943"]
[BlackElo "1848"]
[Opening "QGD semi-Slav"]
[ECO "D43"]
[NIC "SL.06"]
[Time "13:15:23"]
[PlyCount "55"]
[TimeControl "2400+10"]

1. d4 d5 2. c4 e6 3. Nc3 c6 4. Nf3 Nf6 5. g3 dxc4 6. a4 Bb4 7. Bg2 b5 8. O-O
Bxc3 9. bxc3 Bb7 10. Ba3 Nbd7 11. Qc2 a5 12. Rab1 h5 13. h4 Ba6 14. Ng5 Nd5
15. Nxe6 Qf6 16. Bxd5 fxe6 17. Bxc6 Rc8 18. axb5 g5 19. hxg5 Qxg5 20. Bxd7+
Kxd7 21. bxa6 h4 22. Rb7+ Rc7 23. Qa4+ Kc8 24. Rxc7+ Kxc7 25. Qxc4+ Kd7 26.
Qc5 Qg4 27. Qd6+ Ke8 28. Qe7# {Black checkmated} 1-0

[Event "ICC tourney 3209 (40 10)"]
[Site "Internet Chess Club"]
[Date "2023.06.03"]
[Round "2"]
[White "KUNG, THOMAS:thomaskung"]
[Black "YUAN, SERENA:doudou2011"]
[Result "1-0"]
[ICCResult "Black resigns"]
[WhiteElo "2264"]
[BlackElo "1865"]
[Opening "Sicilian: Pelikan, Chelyabinsk variation"]
[ECO "B33"]
[NIC "SI.37"]
[Time "13:15:19"]
[PlyCount "71"]
[TimeControl "2400+10"]

1. e4 c5 2. Nf3 Nc6 3. d4 cxd4 4. Nxd4 Nf6 5. Nc3 e5 6. Ndb5 d6 7. Bg5 a6 8.
Na3 b5 9. Nd5 Be7 10. Bxf6 Bxf6 11. c3 O-O 12. Nc2 Bg5 13. a4 bxa4 14. Rxa4
a5 15. Bc4 Rb8 16. Ra2 Kh8 17. Nce3 Bxe3 18. Nxe3 Ne7 19. O-O f5 20. exf5
Bxf5 21. Nxf5 Rxf5 22. Bd5 Qb6 23. Be4 Rf6 24. Qd3 Rbf8 25. b3 Qxb3 26. Rxa5
Qb6 27. Ra2 Ng6 28. g3 Ne7 29. Rb1 Qc5 30. Rb5 Qc8 31. Ra8 Qg4 32. Rbb8 Nc8
33. Bb7 Qe6 34. Rxc8 Qg8 35. Bd5 Rxc8 36. Bxg8 {Black resigns} 1-0

[Event "ICC tourney 3209 (40 10)"]
[Site "Internet Chess Club"]
[Date "2023.06.03"]
[Round "2"]
[White "Stevens, Adam Benjamin:adambenstevens"]
[Black "XIA, JOSHUA:MathMonkey"]
[Result "1-0"]
[ICCResult "Black checkmated"]
[WhiteElo "1869"]
[BlackElo "2000"]
[Opening "Grünfeld: Russian, Alekhine (Hungarian) variation"]
[ECO "D97"]
[NIC "GI.10"]
[Time "13:15:08"]
[PlyCount "115"]
[TimeControl "2400+10"]

1. d4 Nf6 2. c4 g6 3. Nc3 d5 4. Nf3 Bg7 5. Qb3 dxc4 6. Qxc4 O-O 7. e4 a6 8.
Be2 b5 9. Qd3 Bb7 10. e5 Nd5 11. O-O c5 12. dxc5 Nxc3 13. Qxc3 Nc6 14. Bf4
Qa5 15. Qxa5 Nxa5 16. b4 Nc6 17. a3 Rfd8 18. Rad1 Rac8 19. Rxd8+ Rxd8 20.
Rd1 h6 21. Rxd8+ Nxd8 22. Nd4 Nc6 23. Nxc6 Bxc6 24. Bg4 g5 25. Bg3 e6 26. f4
Kf8 27. Kf2 Ke7 28. Bf3 Kd7 29. h4 Bxf3 30. Kxf3 gxf4 31. Bxf4 Kc6 32. Ke4
f5+ 33. exf6 Bxf6 34. h5 Bg7 35. Be5 Bf8 36. g4 Be7 37. Bf4 Bf8 38. Ke5 Kd7
39. Kf6 a5 40. Kf7 axb4 41. axb4 Be7 42. c6+ Kxc6 43. Kxe7 Kd5 44. Bxh6 e5
45. Bd2 e4 46. h6 Kd4 47. h7 Kd3 48. Be1 Ke2 49. Bh4 e3 50. h8=Q Kf1 51.
Qa1+ Kg2 52. g5 Kh3 53. g6 Kxh4 54. g7 Kg3 55. g8=Q+ Kf2 56. Qf7+ Kg2 57.
Qaf1+ Kg3 58. Q7f4# {Black checkmated} 1-0

[Event "ICC tourney 3209 (40 10)"]
[Site "Internet Chess Club"]
[Date "2023.06.03"]
[Round "2"]
[White "HUANG, AYDEN:dabishi"]
[Black "SHERNOFF, LEON:LeonShernoff"]
[Result "0-1"]
[ICCResult "White checkmated"]
[WhiteElo "1942"]
[BlackElo "1800"]
[Opening "Ruy Lopez: closed, anti-Marshall 8.a4"]
[ECO "C88"]
[NIC "RL.18"]
[Time "13:15:12"]
[PlyCount "118"]
[TimeControl "2400+10"]

1. e4 e5 2. Nf3 Nc6 3. Bb5 a6 4. Ba4 Nf6 5. O-O Be7 6. Re1 b5 7. Bb3 O-O 8.
a4 Rb8 9. axb5 axb5 10. d3 d6 11. h3 h6 12. Be3 d5 13. exd5 Nxd5 14. Bd2 Bf6
15. Nc3 Be6 16. Ne4 Re8 17. Nxf6+ Qxf6 18. Ra3 Nf4 19. Bxe6 Rxe6 20. Ra6
Rbe8 21. Bc3 Qg6 22. Nh4 Qg5 23. Qg4 b4 24. Bd2 Nxh3+ 25. gxh3 Qxd2 26. Re3
Qxc2 27. Rg3 g5 28. Qh5 Nd4 29. Rxe6 Qc1+ 30. Kh2 Rxe6 31. Nf3 Qd1 32. h4
Nxf3+ 33. Rxf3 Rf6 34. Kg2 Qxf3+ 35. Qxf3 Rxf3 36. Kxf3 gxh4 37. Kg4 Kg7 38.
Kxh4 Kg6 39. Kg4 f5+ 40. Kf3 Kg5 41. Kg3 c5 42. b3 h5 43. Kh3 Kf4 44. Kh4
Kf3 45. Kxh5 Kxf2 46. Kg5 f4 47. Kf5 Ke3 48. Kxe5 f3 49. Kd5 f2 50. Kxc5
f1=Q 51. d4 Ke4 52. d5 Qf5 53. Kxb4 Qxd5 54. Ka4 Qc6+ 55. Ka3 Qb5 56. b4 Kd3
57. Ka2 Kc3 58. Ka1 Qxb4 59. Ka2 Qb2# {White checkmated} 0-1

[Event "ICC tourney 3209 (40 10)"]
[Site "Internet Chess Club"]
[Date "2023.06.03"]
[Round "2"]
[White "CHEN, ALAN ZISHUN:zishun"]
[Black "LIN, LEO FANYUE:Leolix"]
[Result "0-1"]
[ICCResult "White checkmated"]
[WhiteElo "1815"]
[BlackElo "2230"]
[Opening "Pirc defense"]
[ECO "B07"]
[NIC "PU.08"]
[Time "13:15:58"]
[PlyCount "148"]
[TimeControl "2400+10"]

1. e4 d6 2. d4 Nf6 3. Nc3 e5 4. dxe5 dxe5 5. Qxd8+ Kxd8 6. Nf3 Bd6 7. Be3
Ke7 8. Bc4 c6 9. O-O-O b5 10. Bd3 h6 11. h3 Be6 12. a4 b4 13. Ne2 a5 14. b3
Nbd7 15. Ng3 g6 16. Rd2 Raf8 17. Rf1 Ne8 18. Nh4 Kd8 19. Be2 Be7 20. Nf3 Kc7
21. Rdd1 f5 22. Bd2 f4 23. Nh1 Nd6 24. Bd3 g5 25. Nh2 Nc5 26. Kb2 Bxb3 27.
cxb3 Nxd3+ 28. Kc2 Nc5 29. f3 h5 30. Nf2 Rd8 31. Bc1 Rhe8 32. Bb2 Bf6 33.
Rd2 Ndb7 34. Rfd1 Ne6 35. Nd3 Nd4+ 36. Bxd4 Rxd4 37. Nb2 Rxd2+ 38. Rxd2 Be7
39. Nc4 Bc5 40. Rd3 Bd4 41. Rd1 Rg8 42. Rf1 Rg6 43. Rd1 Kb8 44. Rf1 Ka7 45.
Rd1 Ka6 46. Rf1 Nd8 47. Rd1 Nf7 48. Rf1 Nh6 49. Rd1 g4 50. hxg4 hxg4 51. Rd2
g3 52. Nf1 Nf7 53. Rd1 Rh6 54. Kd3 Nd8 55. Kc2 Nb7 56. Re1 Rh1 57. Rd1 Nc5
58. Rb1 Rg1 59. Nfd2 Rxg2 60. Rh1 Rh2 61. Rd1 g2 62. Kb1 Rh1 63. Kc2 Rxd1
64. Kxd1 g1=Q+ 65. Kc2 Qa1 66. Nb1 Qa2+ 67. Kc1 Nxb3+ 68. Kd1 Qxb1+ 69. Ke2
Qc2+ 70. Ke1 Qc1+ 71. Ke2 Qxc4+ 72. Ke1 Qc1+ 73. Ke2 Qd2+ 74. Kf1 Qf2#
{White checkmated}
0-1

[Event "ICC tourney 3209 (40 10)"]
[Site "Internet Chess Club"]
[Date "2023.06.03"]
[Round "2"]
[White "KOEHL, EVAN:MacAndSneeze"]
[Black "Aimdilokwong, Alec Daniel:Alec-hine"]
[Result "0-1"]
[ICCResult "White resigns"]
[WhiteElo "2037"]
[BlackElo "1910"]
[Opening "French: Tarrasch, open variation"]
[ECO "C07"]
[NIC "FR.18"]
[Time "13:15:02"]
[PlyCount "76"]
[TimeControl "2400+10"]

1. e4 e6 2. d4 d5 3. Nd2 c5 4. Ngf3 cxd4 5. Nxd4 Nc6 6. N4f3 dxe4 7. Nxe4
Qxd1+ 8. Kxd1 Nf6 9. Nxf6+ gxf6 10. Be3 Bd7 11. c3 Ne5 12. Nxe5 fxe5 13. Kc2
Bc6 14. Rg1 Be7 15. Bd3 h5 16. a4 Rg8 17. g3 h4 18. gxh4 Rh8 19. h5 f5 20.
h6 f4 21. Bd2 Rxh6 22. Rae1 O-O-O 23. b3 Bf6 24. Bc4 Bd5 25. Bxd5 exd5 26.
Rg2 Rdh8 27. Rh1 Kd7 28. Kd1 Ke6 29. Ke2 Kf5 30. f3 e4 31. c4 exf3+ 32. Kxf3
Rh3+ 33. Kf2 Bd4+ 34. Kf1 Rxb3 35. cxd5 Rb1+ 36. Be1 f3 37. Rd2 Bc3 38. Rd3
Rxe1+ {White resigns} 0-1